 Dungeon Crawl Stone Soup version 0.31-b1-20-g67cafac56d (webtiles) character file.

Game seed: 16853440910091436144

4427 hawla the Gouger (level 10, -5/45 HPs)
             Began as a Felid Shapeshifter on Jan 17, 2024.
             Slain by a yak (17 damage)
             ... on level 10 of the Dungeon.
             The game lasted 00:27:35 (9665 turns).

hawla the Gouger (Felid Shapeshifter)               Turns: 9665, Time: 00:27:36

Health: -5/45      AC:  2    Str: 14    XL:     10   Next: 14%
Magic:  11/11      EV: 24    Int: 20    God:
Gold:   538        SH:  5    Dex: 16    Spells: 9/9 levels left
                                        Lives:  0   Deaths: 4

rFire   + .          .
                       - Unarmed
rCold   x . .        (shield unavailable)
rNeg    . . .        (body armour unavailable)
rPois   .            (helmet unavailable)
rElec   .            (cloak unavailable)
rCorr   .            (gloves unavailable)
SInv    +            (boots unavailable)
Will    ++...        i - amulet of reflection
Stlth   +            l - +6 ring of intelligence
HPRegen 0.27/turn    g - ring of fire
MPRegen 0.12/turn

%: reflection
@: flux-form, glowing
A: glow, contaminating, very small, claws 1, fangs 3, see invisible, shaggy fur
2, stealthy paws, no weapons or thrown items, no armour, multi-lived,
strong-willed 1, MP-powered wands
a: Begin Untransformation


You were on level 10 of the Dungeon.
You were something dangerously unstable.
You visited 2 branches of the dungeon, and saw 11 of its levels.
You also visited: Ossuary.

You collected 634 gold pieces.
You spent 96 gold pieces at shops.

Inventory:

Jewellery
 g - a ring of fire (right paw)
 i - an amulet of reflection (around neck)
 l - a +6 ring of intelligence (left paw)
 o - a ring of fire
Talismans
 b - a beast talisman
 c - a flux talisman (active)
Wands
 f - a wand of charming (2)
Scrolls
 a - a scroll of identify
 k - a scroll of immolation
 p - a scroll of poison
Potions
 d - 4 potions of attraction
 e - a potion of resistance
 h - 2 potions of magic
 j - 3 potions of enlightenment
 m - 2 potions of brilliance


   Skills:
 - Level 1.3 Fighting
 + Level 6.2 Dodging
 - Level 0.9 Stealth
 + Level 12.0 Unarmed Combat
 - Level 0.4 Spellcasting
 + Level 1.0 Evocations
 + Level 7.1 Shapeshifting


You had 9 spell levels left.
You didn't know any spells.
Your spell library was empty.

Dungeon Overview and Level Annotations

Branches:
Dungeon (10/15)            Temple (1/1) D:4         Ossuary (visited)
   Lair: D:8-11         Orc: D:9-12

Altars:
Ashenzari
Cheibriados
Dithmenos
Elyvilon
Fedhas
Gozag
Hepliaklqana
Kikubaaqudgha
Nemelex Xobeh
Okawaru
Ru
Sif Muna
Trog
Uskayaw
Wu Jian
Xom
Yredelemnul
Zin
The Shining One
Lugonu

Shops:
D:2 !   D:4 [   D:7 *

Annotations:
D:8 Amaemon


Innate Abilities, Weirdness & Mutations

You are something dangerously unstable.
You glow with magical radiation, making you easy to see and hit.
Foes you strike become dangerously contaminated with magical radiation.
You have sharp claws.
You have razor-sharp teeth.
You have supernaturally acute eyesight. (SInv)
You are covered in thick fur. (AC +2)
Your paws help you pounce on unaware monsters.
You are incapable of wielding weapons or throwing items.
You cannot wear armour.
You gain extra lives every three experience levels.
You are strong-willed. (Will+)
You expend magic power (3 MP) to strengthen your wands.


Message History

The yak bellows!
You scratch the yak but do no damage.
The yak begins to glow.
You barely miss the yak. You block the yak's attack. The yak gores you!
You scratch the yak but do no damage.
The yak glows dangerously bright.
The yak misses you. x2
The yak attacks as it pursues you! The yak gores you!
You scratch the yak.
The yak shudders as magic cascades through it.
The yak twists and deforms.
The yak is lightly wounded.
You claw the yak!
The yak begins to glow.
The yak is moderately wounded.
You claw the yak!
The yak glows dangerously bright.
You bite the yak, but do no damage.
The yak is heavily wounded.
You claw the yak!
The yak shudders as magic cascades through it!
You kill the yak!
You scratch the yak.
The yak begins to glow.
You bite the yak, but do no damage.
The yak is moderately wounded.
The yak completely misses you.
You claw the yak!
The yak glows dangerously bright.
You bite the yak.
The yak is heavily wounded.
You block the yak's attack.
You claw the yak!
The yak shudders as magic cascades through it!!
You kill the yak!
Your Evocations skill increases to level 1!
You claw the yak!
The yak begins to glow.
The yak is moderately wounded.
You scratch the yak.
The yak glows dangerously bright.
The yak is moderately wounded.
The yak completely misses you.
You completely miss the yak.
The yak is moderately wounded.
The yak gores you!
* * * LOW HITPOINT WARNING * * *
The yak gores you!
You die...

#####################
#....................
#...# ##.###.###.##
#...###...........
#...##..##.###.###.##
#.....#.#...Yp......#
#...<##...##Y###.##..
#....##.#.#...Y...#
#.##.#..#...##Y##...#
#. #.##.#.#.# Y.# # #
..##...#...⌠YY.
...#.#.#.#...#.#
.....#... .##...
....# #. .. #.#


You could see 2 yaks.

Vanquished Creatures
  2 yaks (D:10)
  Eustachio (D:5)
  A steam dragon (D:7)
  A water moccasin (D:9)
  Duvessa (D:6)
  3 ice beasts
  4 orc warriors
  A sky beast (D:8)
  A black bear (D:6)
  3 centaurs
  An ogre (D:5)
  2 phantoms
  2 kobold brigands (D:8)
  3 bullfrogs
  4 elf zombies (Ossuary)
  3 scorpions
  Dowan (D:6)
  2 howler monkeys (D:7)
  A bombardier beetle (D:4)
  10 orc priests
  4 hounds
  2 jellies (D:6)
  3 sleepcaps
  4 iguanas
  Natasha (thrice) (D:3)
  10 orc wizards
  3 mummies
  5 hound zombies (Ossuary)
  4 adders
  4 shadow imps
  3 white imps
  4 ufetubi
  7 adder zombies (Ossuary)
  3 ribbon worms
  40 orcs
  A bat (D:1)
  10 endoplasms
  3 giant cockroaches
  6 gnoll zombies (Ossuary)
  13 goblins
  7 hobgoblins
  11 jackals
  2 quokkas
  7 ball pythons
  2 frilled lizards (D:1)
  3 jackal zombies (Ossuary)
  13 kobolds
  6 kobold zombies (Ossuary)
  6 orc zombies (Ossuary)
  3 rats (D:3)
239 creatures vanquished.

Vanquished Creatures (others)
  An ogre (D:6)
  A scorpion (D:6)
  3 iguanas (D:6)
  A gnoll (D:6)
6 creatures vanquished.

Grand Total: 245 creatures vanquished

Notes
Turn   | Place    | Note
-------+----------+-------------------------------------------
     0 | D:1      | hawla the Felid Shapeshifter began the quest for the Orb.
     0 | D:1      | Reached XP level 1. HP: 10/10 MP: 2/2
   102 | D:1      | Reached XP level 2. HP: 9/14 MP: 3/3
   914 | D:2      | Reached XP level 3. HP: 10/18 MP: 4/4
   922 | D:2      | Mangled by an orc
   922 | D:2      | Lost a life (0 lives remaining)
   923 | D:2      | Found Zatexkih's Distillery.
   926 | D:2      | Bought a potion of heal wounds for 60 gold pieces
   926 | D:2      | Bought a potion of attraction for 36 gold pieces
   931 | D:2      | Found a faded altar of an unknown god.
  1461 | D:3      | Noticed Natasha
  1467 | D:3      | Killed Natasha
  1468 | D:3      | Reached skill level 4 in Unarmed Combat
  1468 | D:3      | Reached XP level 4. HP: 11/22 MP: 5/5
  1468 | D:3      | Gained a life (1 life remaining)
  1688 | D:3      | Noticed Natasha
  1697 | D:3      | Killed Natasha
  1703 | D:3      | Reached XP level 5. HP: 17/25 MP: 6/6
  1707 | D:3      | Noticed Natasha
  1882 | D:3      | Killed Natasha
  1883 | D:3      | Reached skill level 5 in Unarmed Combat
  2165 | D:3      | Found a white marble altar of Elyvilon.
  2301 | D:4      | Found a hazy altar of Hepliaklqana.
  2434 | D:4      | Found a sand-covered staircase.
  2446 | Ossuary  | Entered an ossuary
  2483 | Ossuary  | Gained mutation: You are covered in thick fur. (AC +2)
                  | [Felid growth]
  2483 | Ossuary  | Reached XP level 6. HP: 21/30 MP: 7/7
  2789 | Ossuary  | HP: 1/45 [elf zombie (3)]
  2792 | Ossuary  | Reached XP level 7. HP: 1/33 MP: 8/8
  2792 | Ossuary  | Gained a life (2 lives remaining)
  2797 | Ossuary  | Reached skill level 6 in Unarmed Combat
  2797 | Ossuary  | Reached skill level 5 in Shapeshifting
  2798 | Ossuary  | Slain by an elf zombie
  2798 | Ossuary  | Lost a life (1 life remaining)
  3133 | D:4      | Found Moraacvo's Armour Boutique.
  3303 | D:4      | Found a snail-covered altar of Cheibriados.
  3464 | D:4      | Found a staircase to the Ecumenical Temple.
  3479 | Temple   | Entered the Ecumenical Temple
  3751 | D:5      | Entered Level 5 of the Dungeon
  3883 | D:5      | Reached XP level 8. HP: 10/37 MP: 9/9
  4028 | D:5      | Noticed Eustachio
  4042 | D:5      | Killed Eustachio
  4309 | D:5      | Reached skill level 7 in Unarmed Combat
  4959 | D:6      | Gained mutation: You are strong-willed. (Will+) [potion of
                  | mutation]
  4959 | D:6      | Gained mutation: You expend magic power (3 MP) to
                  | strengthen your wands. [potion of mutation]
  5022 | D:6      | Found a sacrificial altar of Ru.
  5023 | D:6      | Found a broken altar of Ashenzari.
  5025 | D:6      | Found an iron altar of Okawaru.
  5025 | D:6      | Found a basalt altar of Yredelemnul.
  5133 | D:6      | Found a shimmering altar of Xom.
  5164 | D:6      | Reached skill level 8 in Unarmed Combat
  5593 | D:6      | Found a glowing silver altar of Zin.
  5603 | D:6      | Found a blossoming altar of Fedhas.
  5620 | D:6      | Found a bloodstained altar of Trog.
  5659 | D:6      | Noticed Dowan
  5660 | D:6      | Noticed Duvessa
  6050 | D:6      | Killed Duvessa
  6051 | D:6      | Reached XP level 9. HP: 41/41 MP: 10/10
  6056 | D:6      | Killed Dowan
  6057 | D:6      | Reached skill level 9 in Unarmed Combat
  6600 | D:7      | Found Zouruwem's Mayhem Merchandise.
  6605 | D:7      | Noticed Joseph
  6624 | D:7      | Joseph changed into Joseph the ice beast
  6624 | D:7      | Noticed Joseph
  6631 | D:7      | Killed Joseph the ice beast
  6761 | D:7      | Reached skill level 10 in Unarmed Combat
  8048 | D:8      | Reached skill level 11 in Unarmed Combat
  8146 | D:8      | Noticed an orange demon
  8147 | D:8      | Noticed Amaemon
  8228 | D:8      | HP: 2/41 [orc warrior/+0 glaive (15)]
  8234 | D:8      | Slain by an orc warrior
  8234 | D:8      | Lost a life (0 lives remaining)
  8858 | D:9      | Reached skill level 12 in Unarmed Combat
  9261 | D:9      | Reached skill level 5 in Dodging
  9261 | D:9      | Reached XP level 10. HP: 23/45 MP: 11/11
  9261 | D:9      | Gained a life (1 life remaining)
  9628 | D:9      | HP: 2/45 [poisoned by a hornet]
  9629 | D:9      | Succumbed to a hornet's poison
  9629 | D:9      | Lost a life (0 lives remaining)
  9632 | D:10     | Entered Level 10 of the Dungeon
  9663 | D:10     | Reached skill level 1 in Evocations
  9665 | D:10     | Slain by a yak

Illustrated notes

Levels and vault maps discovered:
D:1:      nicolae_arrival_memento_mori, layout_rooms
D:2:      layout_basic, serial_shops, shop, basic_ecumenical_altar,
          guppyfry_early_orc_mine
D:3:      layout_rooms, nicolae_elyvilon_peaceful_grove, serial_bayou,
          serial_bayou_lake_a, serial_bayou_lagoon_b, serial_bayou_shore_b,
          serial_bayou_ford_a, minmay_misc_feat_roman, uniq_natasha
D:4:      layout_basic, lemuel_doored_altar, lemuel_tele_altar,
          minmay_temple_entry_glassed_door, gup_ossuary_entry_pyramid,
          serial_shops, shop, grunt_ministairs_2
D:5:      layout_loops_cross, uniq_eustachio
D:6:      layout_cave_pods, xom_confusion_cloud, trog_hazing_becter,
          grunt_temple_overflow_open, amethyst_overflow_temple_binary,
          uniq_duvessa
D:7:      minmay_evil_eye, layout_cave_pods, minmay_shop_mayhem,
          grunt_decor_one_mirror, uniq_joseph
D:8:      layout_loops_ring, serial_shops, nicolae_shop_stone, uniq_amaemon
D:9:      layout_roguey, nicolae_fountain_basement
D:10:     minmay_coctagon, layout_stronghold, mainiacjoe_overflow_tiny_flanked,
          nicolae_qazlal_general_emergency, mainiacjoe_overflow_boulevard,
          grunt_lair_entry_orc_guard_hut,
          nicolae_concentric_dashed_squares_wild, serial_bayou_pond_d,
          uniq_harold
Temple:   corrupted_temple

Skill      XL: |  1  2  3  4  5  6  7  8  9 10 |
---------------+-------------------------------+-----
Dodging        | 3 4 5 6 |  6.2
Shapeshifting  | 3 4 6 7 |  7.1
Unarmed Combat | 4 5 6 8 12 | 12.0
Evocations     | 1 |  1.0
Fighting       | |  1.3
Stealth        | |  0.9
Spellcasting   | |  0.4

Action                     |  1- 3 |  4- 6 |  7- 9 | 10-12 || total
---------------------------+-------+-------+-------+-------++-------
  Melee: Unarmed           |   122 |   184 |   463 |    41 ||   810
         Bite              |    13 |    18 |    53 |     7 ||    91
         Punch             |     3 |     6 |     5 |       ||    14
  Evoke: Wand              |       |       |     4 |       ||     4
    Use: Scroll            |     1 |     4 |    15 |     2 ||    22
         Potion            |     1 |     4 |     9 |     1 ||    15
   Stab: Sleeping          |     1 |       |     2 |       ||     3
 Armour: Skin              |    42 |    87 |   156 |    10 ||   295
  Dodge: Dodged            |   106 |   177 |   413 |    36 ||   732
  Block: Other             |       |       |    26 |     8 ||    34
         Reflection        |       |       |     3 |       ||     3
   Form: Flux              |       |       |     1 |       ||     1
